 Dungeon Crawl Stone Soup version 0.31.0-32-g396128a36d (webtiles) character file.

Game seed: 18097510337038576289

1472 jagang the Carver (level 8, -7/58 HPs)
             Began as a Human Monk on Mar 15, 2024.
             Was a Believer of Okawaru.
             Mangled by an orc warrior
             ... wielding a +0 broad axe
              (13 damage)
             ... on level 6 of the Dungeon.
             The game lasted 00:11:36 (5029 turns).

jagang the Carver (Human Monk)                      Turns: 5029, Time: 00:11:36

Health: -7/58      AC: 12    Str: 11    XL:     8   Next: 78%
Magic:  10/10      EV: 11    Int: 11    God:    Okawaru [**....]
Gold:   346        SH: 10    Dex: 21    Spells: 7/7 levels left

rFire   . . .        k - +2 short sword (elec)
rCold   . . .        c - +0 kite shield
rNeg    . . .        s - +0 plate armour
rPois   .            (no helmet)
rElec   .            (no cloak)
rCorr   .            e - +0 pair of gloves
SInv    .            (no boots)
Will    .....        B - amulet "Qeisk" {RegenMP Dex+3} Stlth
                     a - +5 ring of evasion
HPRegen 0.29/turn    A - +5 ring of evasion
MPRegen 0.52/turn

%: no passive effects
@: no status effects
A: explore regen
a: Renounce Religion, Heroism


You were on level 6 of the Dungeon.
You worshipped Okawaru.
Okawaru was pleased with you.
You visited 2 branches of the dungeon, and saw 7 of its levels.

You collected 346 gold pieces.

Inventory:

Hand Weapons
 k - a +2 short sword of electrocution (weapon)
 v - a +1 dagger of flaming
Missiles
 b - 3 poisoned darts (quivered)
Armour
 c - a +0 kite shield (worn)
 d - an orb of light
 e - a +0 pair of gloves (worn)
 s - a +0 plate armour (worn)
 E - a +0 scale mail of fire resistance
Jewellery
 a - a +5 ring of evasion (left hand)
 t - a ring of magical power
 A - a +5 ring of evasion (right hand)
 B - the amulet "Qeisk" (around neck) {RegenMP Dex+3}
   (You found it on level 5 of the Dungeon)

   [amulet of magic regeneration]

   RegenMP:   It increases your rate of magic regeneration.
   Dex+3:     It affects your dexterity (+3).
Wands
 m - a wand of polymorph (17)
 o - a wand of roots (8)
 q - a wand of flame (5)
 r - a wand of paralysis (14)
Scrolls
 g - a scroll of blinking
 i - a scroll of revelation
 j - a scroll of summoning
 u - 2 scrolls of immolation
 x - a scroll of identify
 y - 2 scrolls of vulnerability
 C - a scroll of fear
Potions
 f - a potion of might
 h - 4 potions of brilliance
 l - 2 potions of magic {unknown}
 n - a potion of enlightenment {unknown}
 p - a potion of heal wounds
 w - 2 potions of curing {unknown}
 z - a potion of lignification {unknown}
 D - a potion of degeneration {unknown}


   Skills:
 - Level 3.0 Fighting
 * Level 8.8 Long Blades
 - Level 2.1 Throwing
 - Level 3.0 Armour
 - Level 3.0 Dodging
 + Level 3.9 Shields
 - Level 3.1 Invocations


You had 7 spell levels left.
You didn't know any spells.
Your spell library contained the following spells:

 Spells                   Type           Power      Damage    Failure   Level
 Magic Dart               Conj           0%         1d3       100%        1
 Scorch                   Fire           0%         2d5       100%        2
 Searing Ray              Conj           0%         2d4       100%        2
 Hailstorm                Conj/Ice       0%         3d5       100%        3
 Flame Wave               Conj/Fire      0%         2d4       100%        4
 Fulminant Prism          Conj/Alch      0%         3d5       100%        4
 Iskenderun's Battlesphe  Conj           0%         2d6       100%        5
 Bombard                  Conj/Erth      0%         9d1       100%        6
 Summon Ice Beast         Ice/Summ       Unusable   N/A       N/A         3
 Sculpt Simulacrum        Ice/Alch       Unusable   N/A       N/A         6
 Summon Cactus Giant      Summ           Unusable   N/A       N/A         6
 Spellforged Servitor     Conj/Summ      Unusable   N/A       N/A         7

Dungeon Overview and Level Annotations

Branches:
Dungeon (6/15)             Temple (1/1) D:6

Altars:
Elyvilon
Fedhas
Gozag
Kikubaaqudgha
Nemelex Xobeh
Okawaru
Qazlal
Ru
Sif Muna
Vehumet
Wu Jian
Xom
Yredelemnul
Lugonu

Annotations:
D:5 1 runed translucent door, Braxus's ghost, novice OpSu


Innate Abilities, Weirdness & Mutations

You regain HP and MP as you explore.


Message History

The orc warrior is lightly wounded.
The orc warrior barely misses you.
You hit the orc warrior but do no damage.
The orc warrior is lightly wounded.
You block the orc warrior's attack.
You hit the orc warrior.
The orc warrior is lightly wounded.
The orc warrior hits you with a +0 broad axe!
You hit the orc warrior.
The orc warrior is lightly wounded.
The orc warrior hits you with a +0 broad axe.
You are too injured to fight recklessly!
You are too injured to fight recklessly!
You barely miss the orc warrior.
The orc warrior is lightly wounded.
The orc warrior hits you with a +0 broad axe.
You closely miss the orc warrior.
The orc warrior is lightly wounded.
The orc warrior hits you with a +0 broad axe!
* * * LOW HITPOINT WARNING * * *
You hit the orc warrior but do no damage.
Lightning courses through the orc warrior!
The orc warrior is heavily wounded.
You closely miss the orc warrior.
The orc warrior is heavily wounded.
The orc warrior closely misses you.
You hit the orc warrior but do no damage.
The orc warrior is heavily wounded.
The orc warrior completely misses you.
You hit the orc warrior but do no damage.
The orc warrior is heavily wounded.
The orc warrior hits you with a +0 broad axe!
* * * LOW HITPOINT WARNING * * *
You hit the orc warrior but do no damage.
The orc warrior is heavily wounded.
You block the orc warrior's attack.
You completely miss the orc warrior.
The orc warrior is heavily wounded.
The orc warrior hits you with a +0 broad axe!
You die...

..... ....# .... ...
..##### .h##.# #o##.#
#@##.# #)##.# #.##.#
######.##.######## ###
#..........#.....###.#.
#.............# #..#.
#..........##.#####.###
#./.........#.......###
#............###...###.


You could see an orc warrior and a hound.

Vanquished Creatures
  Grinder (D:3)
  A steam dragon (D:6)
  2 black bears (D:5)
  2 bullfrogs (D:6)
  2 gnoll sergeants
  2 scorpions
  2 bombardier beetles
  2 hounds
  2 jellies
  2 orc priests (D:6)
  Ijyb (D:3)
  An orc wizard (D:4)
  7 adders
  11 gnolls
  2 shadow imps
  A white imp (D:5)
  2 ufetubi (D:5)
  2 ribbon worms
  14 orcs
  13 endoplasms
  A giant cockroach (D:2)
  4 goblins
  6 hobgoblins
  5 kobolds
  4 quokkas
  7 ball pythons
  5 bats
  3 frilled lizards
  11 rats
  A spectral goblin (D:2)
119 creatures vanquished.

Notes
Turn   | Place    | Note
-------+----------+-------------------------------------------
     0 | D:1      | jagang the Human Monk began the quest for the Orb.
     0 | D:1      | Reached XP level 1. HP: 18/18 MP: 1/1
   125 | D:1      | Reached XP level 2. HP: 20/24 MP: 2/2
   633 | D:1      | Reached skill level 4 in Long Blades
   785 | D:1      | Reached XP level 3. HP: 29/29 MP: 3/3
   882 | D:2      | Found a faded altar of an unknown god.
  1264 | D:2      | Reached skill level 1 in Armour
  1264 | D:2      | Reached XP level 4. HP: 35/35 MP: 4/4
  1538 | D:3      | Noticed Ijyb
  1539 | D:3      | Noticed Grinder
  1545 | D:3      | Killed Ijyb
  1545 | D:3      | Paralysed by Grinder for 5 turns
  1573 | D:3      | Killed Grinder
  1574 | D:3      | Reached skill level 5 in Long Blades
  1574 | D:3      | Reached XP level 5. HP: 30/41 MP: 4/6
  1574 | D:3      | Reached XP level 6. HP: 34/47 MP: 4/7
  1816 | D:3      | Reached skill level 6 in Long Blades
  2410 | D:3      | Found a blossoming altar of Fedhas.
  2466 | D:4      | Found a stormy altar of Qazlal.
  2478 | D:4      | Reached XP level 7. HP: 52/52 MP: 7/9
  2556 | D:4      | Found an ancient bone altar of Kikubaaqudgha.
  2685 | D:4      | Reached skill level 1 in Throwing
  3002 | D:5      | Entered Level 5 of the Dungeon
  3330 | D:5      | Reached skill level 1 in Shields
  3422 | D:5      | Reached skill level 7 in Long Blades
  3455 | D:5      | Found a runed translucent door.
  3460 | D:5      | Noticed Braxus's ghost (novice OpSu)
  3471 | D:5      | Reached XP level 8. HP: 50/58 MP: 10/10
  3680 | D:5      | Found a sparkling altar of Nemelex Xobeh.
  3716 | D:5      | Found a shimmering blue altar of Sif Muna.
  3758 | D:5      | Identified the amulet "Qeisk" {RegenMP Dex+3}
  4601 | D:6      | Reached skill level 8 in Long Blades
  4665 | D:6      | Found a basalt altar of Yredelemnul.
  4815 | D:6      | Found a staircase to the Ecumenical Temple.
  4824 | Temple   | Entered the Ecumenical Temple
  4840 | Temple   | Became a worshipper of Warmaster Okawaru
  4840 | Temple   | Reached * piety under Okawaru
  4840 | Temple   | Reached ** piety under Okawaru
  5029 | D:6      | Mangled by an orc warrior

Illustrated notes

Levels and vault maps discovered:
D:1:      dpeg_arrival_stonehenge_12_columns, layout_basic
D:2:      layout_loops_cross, dreamdust_ecumenical_altar_drowned_temple,
          kennysheep_generic_room_5
D:3:      layout_loops_ring, fedhas_altar_fruit_tree, uniq_grinder, uniq_ijyb
D:4:      layout_cave_pools, mainiacjoe_overflow_small_starburst,
          kennysheep_mini
D:5:      layout_layer_cave, nemelex_xobeh_ov_fountains_minmay,
          hellmonk_sif_muna_bookshelves, ebering_ghost_sewer_d
D:6:      layout_rooms, lemuel_coloured_pillars_altar,
          mainiacjoe_overflow_24_doors, minmay_temple_entry_stoned_glass
Temple:   corrupted_temple

Skill      XL: |  1  2  3  4  5  6  7  8 |
---------------+-------------------------+-----
Long Blades    | 4 5 6 7 8 |  8.8
Armour         | 1 2 3 |  3.0
Invocations    | 2 3 |  3.1
Throwing       | 2 |  2.1
Shields        | 2 3 |  3.9
Fighting       | |  3.0
Dodging        | |  3.0

Action                     |  1- 3 |  4- 6 |  7- 9 || total
---------------------------+-------+-------+-------++-------
  Melee: Falchion          |    68 |       |       ||    68
         Short sword       |    23 |    80 |   210 ||   313
  Throw: Dart              |       |       |     7 ||     7
  Evoke: Wand              |       |       |    18 ||    18
    Use: Scroll            |       |     3 |     4 ||     7
         Potion            |       |       |     3 ||     3
 Armour: Robe              |    34 |     8 |       ||    42
         Plate armour      |       |    29 |   128 ||   157
  Dodge: Dodged            |    72 |    34 |    84 ||   190
  Block: Kite shield       |       |       |    18 ||    18
